 Dungeon Crawl Stone Soup version 0.29.1-12-g30fa7ad0bf (webtiles) character file.

Game seed: 11353582101717144357

23 Descartes the Shield-Bearer (level 3, -2/29 HPs)
             Began as a Formicid Fighter on Jan 13, 2023.
             Killed from afar by a white imp (6 damage)
             ... with a puff of frost
             ... summoned by Natasha
             ... on level 2 of the Dungeon.
             The game lasted 00:00:55 (1006 turns).

Descartes the Shield-Bearer (Formicid Fighter)      Turns: 1006, Time: 00:00:55

Health: -2/29      AC:  6    Str: 22    XL:     3   Next: 12%
Magic:  3/3        EV:  9    Int:  7    God:
Gold:   43         SH:  5    Dex: 13    Spells: 2/2 levels left

rFire   . . .      SeeInvis +   a - +0 war axe
rCold   . . .      Faith    .   c - +0 buckler
rNeg    . . .      Spirit   .   b - +0 scale mail
rPois   .          Reflect  .   (helmet unavailable)
rElec   .          Harm     .   (no cloak)
rCorr   .          Rampage  .   (no gloves)
Will    .....                   (no boots)
Stlth   ..........              (no amulet)
HPRegen 0.09/turn               (no ring)
MPRegen 0.08/turn               (no ring)

@: no status effects
A: permanent stasis, dig shafts and tunnels, antennae 3, four strong arms
a: Dig, Shaft Self


You were on level 2 of the Dungeon.
You visited 1 branch of the dungeon, and saw 2 of its levels.

You collected 43 gold pieces.

Inventory:

Hand Weapons
 a - a +0 war axe (weapon)
Armour
 b - a +0 scale mail (worn)
 c - a +0 buckler (worn)
Scrolls
 g - a scroll of enchant armour {unknown}
 h - a scroll of magic mapping {unknown}
 i - a scroll of teleportation {unknown}
 j - a scroll of amnesia {unknown}
 k - a scroll of torment {unknown}
Potions
 d - 2 potions of might
 e - a potion of degeneration {unknown}
 f - a potion of curing {unknown}
 l - a potion of heal wounds {unknown}


   Skills:
 + Level 3.6 Fighting
 + Level 2.4 Axes
 + Level 3.6 Armour
 + Level 4.3 Shields


You had 2 spell levels left.
You didn't know any spells.
Your spell library was empty.

Dungeon Overview and Level Annotations

Branches:
Dungeon (2/15)

Altars:

Annotations:
D:2 Natasha


Innate Abilities, Weirdness & Mutations

You cannot be hasted, slowed, berserked, paralysed or teleported.
You can dig through walls and to a lower floor.
You have a pair of large antennae on your head. (SInv)
Your four strong arms can wield two-handed weapons with a shield.


Message History

The crimson imp hits you but does no damage.
You closely miss the crimson imp.
The crimson imp is heavily wounded.
The crimson imp disappears in a puff of smoke!
Natasha howls an incantation.
You feel disoriented.
Natasha stares at you and mumbles some strange words.
The magic dart hits you.
Natasha casts a spell.
You slash the white imp!
The white imp is almost dead.
The white imp picks up a beetle and eats it.
The white imp gestures at you. The puff of frost hits you!
You are too injured to fight recklessly!
Unknown command.
Unknown command.
You are too injured to fight recklessly!
You are too injured to fight recklessly!
Unknown command.
You barely miss the white imp.
The white imp is almost dead.
The shadow imp disappears in a puff of smoke!
The white imp barely misses you.
You hit the white imp but do no damage.
The white imp is almost dead.
The white imp hits you but does no damage.
The white imp hits you. The white imp freezes you.
* * * LOW HITPOINT WARNING * * *
Natasha casts a spell.
Unknown command.
You completely miss the white imp.
The white imp is almost dead.
The white imp gestures at you. The puff of frost hits you.
* * * LOW HITPOINT WARNING * * *
The white imp attacks as you move away! You block the white imp's attack.
The white imp gestures at you. The puff of frost hits you.
You die... ....# #... . .... .### #wb

...## #5g # #..##
#h# #. ##...###5#
#..##.....##.#
.....[....@.#
###.....####
##...## { #..##
#..# #..# #
##..###..#
.######........#
........#<###....


You could see a worm, Natasha, a white imp (summoned), a shadow imp (summoned),
a hobgoblin and a bat.

Vanquished Creatures
  4 ball pythons (D:1)
  2 endoplasms (D:1)
  A hobgoblin (D:1)
  4 kobolds (D:1)
  A quokka (D:1)
  4 bats
  A frilled lizard (D:1)
  8 rats
25 creatures vanquished.

Notes
Turn   | Place    | Note
-------+----------+-------------------------------------------
     0 | D:1      | Descartes the Formicid Fighter began the quest for the Orb.
     0 | D:1      | Reached XP level 1. HP: 18/18 MP: 1/1
   206 | D:1      | Reached XP level 2. HP: 21/24 MP: 2/2
   715 | D:1      | Reached XP level 3. HP: 24/29 MP: 3/3
   836 | D:1      | Found a faded altar of an unknown god.
   987 | D:2      | Noticed Natasha
  1006 | D:2      | Killed from afar by a white imp

Illustrated notes

Levels and vault maps discovered:
D:1:      tarquinn_simple_flora_water_c, layout_basic,
          ebering_ecumenical_altar_mist
D:2:      layout_loops_ring, uniq_crazy_yiuf_cottage, uniq_natasha, uniq_terence

Action                   || total
-------------------------++-------
Melee: War axe           ||    70
Armor: Scale mail        ||    32
Dodge: Dodged            ||    45
Block: Buckler           ||    18
